 Dungeon Crawl Stone Soup version 0.24.1-8-ga250c9d538 (webtiles) character file.

Game seed: 12296109704140481418, levelgen mode: deterministic

166016 Gwenloh the Tortoise (level 17, -2/113 HPs)
             Began as a Gargoyle Fighter on May 8, 2020.
             Was a High Priest of Okawaru.
             Slain by a swamp worm (16 damage)
             ... on level 1 of the Swamp on May 9, 2020.
             The game lasted 02:58:11 (34726 turns).

Gwenloh the Tortoise (Gargoyle Fighter)            Turns: 34726, Time: 02:58:12

Health: -2/113     AC: 40    Str: 28    XL:     17   Next: 89%
Magic:  23/28      EV: 12    Int:  8    God:    Okawaru [*****.]
Gold:   1888       SH: 22    Dex: 23    Spells: 16/16 levels left

rFire    + . .     SeeInvis +   a - +10 whip of Qazlal's Esteem {freeze, rC+ Dex+2}
rCold    + . .     Gourm    .   d - +2 shield {AC+3}
rNeg     + + .     Faith    .   I - +0 plate armour {rF+}
rPois    ∞         Spirit   .   X - +1 helmet {SInv}
rElec    +         Reflect  +   w - +1 cloak "Reku" {rN+ Dex+7}
rCorr    .         Harm     .   (no gloves)
MR       +....                  (no boots)
Stlth    ..........             G - +2 amulet of reflection
HPRegen  0.28/turn              (no ring)
MPRegen  0.21/turn              F - +5 ring of strength

@: heroism, finesse, flying, studying Ice Magic, lightly drained
A: big wings, negative energy resistance 1, electricity resistance, unbreathing,
petrification resistance, rot immunity, AC +12
a: Stop Flying, Heroism, Finesse, Renounce Religion


You were on level 1 of the Swamp.
You worshipped Okawaru.
Okawaru was extremely pleased with you.
You were not hungry.

You visited 6 branches of the dungeon, and saw 26 of its levels.
You visited the Abyss 1 time.
You also visited: Ice Cave and Desolation.

You collected 2388 gold pieces.
You spent 500 gold pieces at shops.

Inventory:

Hand Weapons
 a - the +10 whip of Qazlal's Esteem (weapon) {freeze, rC+ Dex+2}
   (You bought it in a shop on level 6 of the Dungeon)

   It has been specially enchanted to freeze those struck by it, causing extra
   injury to most foes and up to half again as much damage against particularly
   susceptible opponents.
   It can also slow down cold-blooded creatures.
   It affects your dexterity (+2).
   It protects you from cold.
 b - a +7 hand crossbow of velocity
 E - a +3 flail of holy wrath
Missiles
 B - 258 bolts
Armour
 d - a +2 shield of protection (worn)
 s - a +1 cloak of magic resistance
 t - a +1 shield of reflection
 w - the +1 cloak "Reku" (worn) {rN+ Dex+7}
   (You found it on level 15 of the Dungeon)

   It affects your dexterity (+7).
   It protects you from negative energy.
 I - a +0 plate armour of fire resistance (worn)
 R - a +2 hat of magic resistance
 X - a +1 helmet of see invisible (worn)
Jewellery
 e - the ring "Xofil" {rC+ Int+3}
   (You found it in the Desolation of Salt)

   [ring of protection from cold]

   It affects your intelligence (+3).
   It protects you from cold.
 D - an uncursed amulet of faith
 F - a +5 ring of strength (right hand)
 G - a +2 amulet of reflection (around neck)
 L - the ring "Sionerad" {Fire rN++}
   (You found it in the Desolation of Salt)

   [ring of fire]

   It enhances your fire magic.
   It protects you from fire.
   It makes you vulnerable to cold.
   It greatly protects you from negative energy.
 M - an uncursed ring of see invisible
Wands
 h - a wand of acid (3)
 y - a wand of polymorph (29)
 J - a wand of paralysis (16)
 K - a wand of iceblast (35)
 N - a wand of enslavement (13)
 P - a wand of flame (25)
 T - a wand of disintegration (16)
Scrolls
 g - 4 scrolls of fog
 i - 18 scrolls of remove curse
 l - 7 scrolls of teleportation
 q - 3 scrolls of fear
 z - a scroll of magic mapping
 C - a scroll of random uselessness {unknown}
 H - 2 scrolls of brand weapon
 O - a scroll of amnesia
 U - a scroll of holy word {unknown}
 V - 4 scrolls of immolation
Potions
 c - a potion of ambrosia {unknown}
 k - 3 potions of mutation {unknown}
 m - 4 potions of berserk rage
 n - 2 potions of agility
 o - 7 potions of curing
 p - 4 potions of haste
 r - 2 potions of degeneration {unknown}
 u - 6 potions of brilliance
 v - a potion of experience {unknown}
 x - a potion of magic {unknown}
 A - a potion of heal wounds
 Q - 2 potions of might
 S - 2 potions of lignification {unknown}
 Z - a potion of resistance {unknown}
Books
 Y - a manual of Ice Magic
Miscellaneous
 j - a fan of gales
Comestibles
 f - 47 rations


   Skills:
 + Level 15.3(20.1) Fighting
 + Level 14.0(18.8) Maces & Flails
 + Level 5.1(9.9) Crossbows
 + Level 15.4(20.2) Armour
 + Level 15.4(20.1) Shields
 + Level 14.7(14.5) Invocations


You had 16 spell levels left.
You didn't know any spells.
Your spell library contained the following spells:

 Spells                   Type           Power        Failure   Level  Hunger
 Animate Skeleton         Necr           N/A          88%         1    ##.....
 Confusing Touch          Hex            #.....       88%         1    ##.....
 Pain                     Necr           #...         88%         1    ##.....
 Summon Butterflies       Summ           #.......     88%         1    ##.....
 Throw Frost              Conj/Ice       #.....       96%         2    ###....
 Call Canine Familiar     Summ           #.......     99%         3    ####...
 Confuse                  Hex            #.......     99%         3    ####...
 Gell's Gravitas          Tloc           #.........   99%         3    ####...
 Mephitic Cloud           Conj/Pois/Air  #.......     99%         3    ####...
 Recall                   Summ/Tloc      N/A          99%         3    ####...
 Regeneration             Chrm/Necr      #.........   99%         3    ####...
 Stone Arrow              Conj/Erth      #.....       99%         3    ####...
 Vampiric Draining        Necr           #.........   99%         3    ####...
 Animate Dead             Necr           N/A          100%        4    #####..
 Petrify                  Tmut/Erth      #.......     100%        4    #####..
 Sticky Flame             Conj/Fire      #.......     100%        4    #####..
 Summon Ice Beast         Ice/Summ       #.......     100%        4    #####..
 Throw Icicle             Conj/Ice       #.......     100%        4    #####..
 Bolt of Draining         Conj/Necr      #.........   100%        5    ######.
 Borgnjor's Vile Clutch   Necr/Erth      #.........   100%        5    ######.
 Metabolic Englaciation   Hex/Ice        #.........   100%        5    ######.
 Summon Forest            Summ/Tloc      #.........   100%        5    ######.
 Summon Mana Viper        Hex/Summ       #.......     100%        5    ######.
 Venom Bolt               Conj/Pois      #.........   100%        5    ######.
 Yara's Violent Unravell  Hex/Tmut       #.........   100%        5    ######.
 Death Channel            Necr           #.........   100%        6    #######
 Freezing Cloud           Conj/Ice/Air   #.........   100%        6    #######
 Simulacrum               Ice/Necr       #.........   100%        6    #######
 Spellforged Servitor     Conj/Summ      #.........   100%        7    #######
 Summon Hydra             Summ           #.........   100%        7    #######


Dungeon Overview and Level Annotations

Branches:
Dungeon (15/15)            Temple (1/1) D:7            Lair (6/6) D:11
  Swamp (1/4) Lair:4        Snake (0/4) Lair:2        Slime (0/5) Lair:6
    Orc (2/2) D:12            Elf (1/3) Orc:2        Vaults (0/5) D:13
 Depths (0/5) D:15          IceCv (visited)         Desolation (visited)

Altars:
Ashenzari
Cheibriados
Dithmenos
Elyvilon
Fedhas
Gozag
Hepliaklqana
Kikubaaqudgha
Makhleb
Nemelex Xobeh
Okawaru
Qazlal
Ru
Sif Muna
Trog
Uskayaw
Vehumet
Wu Jian
Xom
Yredelemnul
Zin
The Shining One

Shops:
D:4 %   D:6 ((%   D:8 =(   D:14 [   Orc:2 [:*%

Portals:
Trove: D:13 (give 8 potions of agility)

Annotations:
Lair:2 exclusion: 2 oklob plants
Swamp:1 1 runed translucent door


Innate Abilities, Weirdness & Mutations

You are resistant to torment.
Your stone body is resilient. (AC +12)
You are immune to poison.
Your large and strong wings let you fly indefinitely.
You resist negative energy. (rN+)
You are resistant to electric shocks. (rElec)
You can survive without breathing.
You are immune to petrification.
You are immune to rotting.


Message History

* * * LOW HITPOINT WARNING * * *
You whack the moth of wrath! You freeze the moth of wrath.
The moth of wrath is moderately wounded.
You whack the moth of wrath! You freeze the moth of wrath.
The moth of wrath is severely wounded.
You block the swamp worm's attack. The swamp worm bites you!
* * * LOW HITPOINT WARNING * * *
You block the moth of wrath's attack.
You whack the moth of wrath! You freeze the moth of wrath.
The moth of wrath is almost dead.
The moth of wrath goads the tyrant leech on!
The tyrant leech goes berserk!
You block the swamp worm's attack. The swamp worm barely misses you.
The moth of wrath angrily waves its antennae.
You block the swamp worm's attack.
The swamp worm bites you but does no damage.
The swamp worm bites you but does no damage.
The swamp worm bites you but does no damage.
The swamp worm bites you!
You die...

.≈≈≈≈§≈≈≈.≈♣..≈≈≈....≈♣♣.♣≈≈♣
≈≈≈≈###≈≈≈≈♣♣≈§≈≈(≈≈.♣♣♣..≈.♣♣
≈≈###:###≈≈≈♣........♣ ♣♣....♣
≈##≈≈≈≈≈#≈§≈...≈♣♣♣.♣♣ ♣.≈.≈.♣♣
§# ≈§≈≈≈≈§≈y≈...♣♣≈..♣ ♣♣..≈.≈♣♣♣
≈##)≈}≈≈#§≈≈y≈...♣♣)♣♣♣♣..≈≈.....
≈≈###≈###≈≈≈♣w≈w≈.♣..♣♣≈.≈≈.§....
≈≈≈≈###≈≈≈≈.♣..ww....≈≈^≈..≈≈≈...
≈≈≈≈≈≈≈≈≈≈♣..≈.w@≈≈≈≈≈.....≈....≈
♣.≈≈≈≈≈≈..♣.≈≈♣.≈≈≈≈≈≈≈§...≈≈....
...♣♣♣♣♣♣§≈.≈♣.......≈≈.≈...≈....
...♣♣ ♣♣≈....♣♣♣♣.≈≈...≈....≈≈.
♣.♣>♣ ♣♣..♣♣♣ ♣♣..♣.≈≈.....≈)
...♣♣ ♣..♣ ♣♣.§.≈≈.....^♣ ..♣♣
♣..♣ ♣♣..≈...≈≈≈.♣.♣ ≈.♣ ♣≈.♣
♣.≈≈≈≈≈♣..≈.≈.♣ ≈≈♣ ♣≈≈♣
♣.≈≈≈≈.♣♣.≈≈≈≈♣


You could see a tyrant leech (berserk), 2 moths of wrath and 4 swamp worms.

Vanquished Creatures
  Donald (Orc:2)
  The ghost of Kefanin the Geomancer, an adept GrEE of Vehumet (D:15)
  3 imperial myrmidons (Desolation)
  A deep elf sorcerer (Elf:1)
  An entropy weaver (shapeshifter) (D:15)
  A halazid warlock (Desolation)
  3 crystal guardians (Desolation)
  Snorg (D:13)
  Josephine (Swamp:1)
  2 fire dragons
  12 ragged hierophants (Desolation)
  Fannar (D:10)
  7 hydras
  8 peacekeepers
  3 servants of whispers (Desolation)
  A catoblepas (Lair:6)
  5 alligators (Swamp:1)
  6 centaur warriors
  6 dancing weapons (Elf:1)
  6 two-headed ogres
  4 tengu warriors (D:15)
  An ogre mage (D:13)
  6 death yaks
  Urug (Lair:3)
  3 orc high priests (Orc:2)
  6 deep elf knights
  A wretched star (Abyss:3)
  A glowing orange brain (D:14)
  2 unseen horrors
  A wizard (D:15)
  A lindwurm (Lair:6)
  3 deep elf archers (Elf:1)
  2 ironbrand convokers (Desolation)
  8 orc knights
  2 necromancers
  5 ugly things
  A wolf spider zombie (D:15)
  35 deep elf magi
  2 cyclopes
  7 orc sorcerers
  4 manticores
  Maurice (Orc:1)
  6 elephants
  4 guardian serpents (Desolation)
  A naga mage (D:15)
  7 molten gargoyles
  6 black mambas
  An ice statue (IceCv)
  An orange demon (D:15)
  3 gargoyles
  3 kobold demonologists
  A torpor snail (Lair:3)
  A hellion (Abyss:3)
  A yaktaur (D:13)
  3 efreet (D:15)
  9 spiny frogs
  16 komodo dragons
  11 freezing wraiths
  4 rime drakes
  A queen bee (shapeshifter) (D:15)
  3 trolls
  A polar bear (Lair:5)
  A queen bee (D:14)
  5 tyrant leeches (Swamp:1)
  4 hornets
  7 blink frogs
  4 slime creatures (Swamp:1)
  13 hippogriffs
  59 saltlings
  4 bog bodies (Swamp:1)
  2 shadows
  Sigmund (D:3)
  4 wyverns
  29 yaks
  6 wraiths
  7 basilisks
  A water elemental (Elf:1)
  3 fire elementals
  7 vampire mosquitoes
  2 steam dragons (Lair:6)
  A death yak simulacrum (IceCv)
  2 wargs
  3 hungry ghosts
  Menkaure (D:6)
  2 acid dragons
  3 nagas (Lair:2)
  12 water moccasins
  2 swamp worms (Swamp:1)
  4 porcupines
  5 hell hounds (Lair:6)
  10 ice beasts
  A necrophage (D:11)
  21 orc warriors
  4 phantoms
  2 sky beasts
  2 eyes of draining
  3 black bears
  6 ogres
  2 boggarts (D:15)
  10 centaurs
  11 crocodiles
  2 big kobolds (D:15)
  24 bullfrogs
  A wyvern zombie (D:12)
  3 earth elementals (Elf:1)
  3 scorpions
  A water moccasin skeleton (D:9)
  3 wyvern skeletons
  An elephant simulacrum (IceCv)
  20 killer bees
  3 electric eels (D:12)
  5 howler monkeys
  4 crimson imps
  5 lava snakes
  4 bullfrog zombies
  6 centaur zombies
  2 quasits
  A bullfrog skeleton (D:9)
  6 draconian simulacra (IceCv)
  9 hounds
  8 jellies
  19 orc priests
  7 centaur skeletons
  A gnoll shaman (D:5)
  17 orc wizards
  Crazy Yiuf (D:2)
  Ijyb (D:3)
  Terence (D:3)
  Natasha (twice) (D:2)
  4 iguanas
  4 troll simulacra (IceCv)
  8 worker ants
  4 spriggan simulacra (IceCv)
  A polar bear simulacrum (IceCv)
  A wolf simulacrum (IceCv)
  4 centaur simulacra
  2 hound zombies
  A hound skeleton (D:5)
  14 gnolls
  A howler monkey skeleton (D:10)
  14 adders
  3 naga simulacra (IceCv)
  3 shadow imps
  12 white imps (IceCv)
  6 oozes
  2 adder zombies
  2 adder skeletons
  A worm (D:2)
  2 dart slugs (D:2)
  3 leopard geckos
  72 orcs
  8 giant cockroaches
  6 goblins
  11 hobgoblins
  2 jackals (D:2)
  6 kobolds
  4 quokkas
  2 ball pythons
  5 bats
  6 frilled lizards
  3 leopard gecko skeletons
  A quokka skeleton (D:5)
  9 rats
  A fire vortex (D:14)
  2 plants
906 creatures vanquished.

Vanquished Creatures (others)
  A centaur warrior (D:15)
  A cyclops (D:13)
  A yaktaur (D:13)
  A naga (Lair:2)
  3 centaurs
  A shadow imp (D:15)
  A ball lightning (D:15)
  9 fungi
  9 plants
27 creatures vanquished.

Grand Total: 933 creatures vanquished

Notes
Turn   | Place    | Note
-------+----------+-------------------------------------------
     0 | D:1      | Gwenloh the Gargoyle Fighter began the quest for the Orb.
     0 | D:1      | Reached XP level 1. HP: 14/14 MP: 1/1
   109 | D:1      | Reached XP level 2. HP: 19/19 MP: 2/2
   223 | D:1      | Reached XP level 3. HP: 21/23 MP: 3/3
  1170 | D:2      | Reached XP level 4. HP: 25/29 MP: 4/4
  1698 | D:2      | Noticed Natasha
  1706 | D:2      | Killed Natasha
  1706 | D:2      | Reached XP level 5. HP: 32/33 MP: 5/5
  1720 | D:2      | Found a runed translucent door.
  1721 | D:2      | Noticed Crazy Yiuf
  1808 | D:2      | Noticed Natasha
  1815 | D:2      | Killed Natasha
  2195 | D:2      | Killed Crazy Yiuf
  2434 | D:3      | Noticed Terence
  2453 | D:3      | Killed Terence
  2613 | D:3      | Reached XP level 6. HP: 39/39 MP: 6/6
  2836 | D:3      | Noticed Ijyb
  2837 | D:3      | Paralysed by Ijyb for 7 turns
  2849 | D:3      | Paralysed by Ijyb for 3 turns
  2865 | D:3      | Paralysed by Ijyb for 3 turns
  2872 | D:3      | Killed Ijyb
  2898 | D:3      | Found a faded altar of an unknown god.
  3022 | D:3      | Noticed Sigmund
  3044 | D:3      | Killed Sigmund
  3044 | D:3      | Reached skill level 5 in Fighting
  3044 | D:3      | Reached skill level 5 in Armour
  3181 | D:3      | Found a burning altar of Makhleb.
  3182 | D:3      | Found an opulent altar of Gozag.
  3184 | D:3      | Found an iron altar of Okawaru.
  3219 | D:3      | Became a worshipper of Warmaster Okawaru
  3473 | D:4      | Reached skill level 5 in Shields
  3473 | D:4      | Reached XP level 7. HP: 39/44 MP: 7/7
  3579 | D:4      | Found Luehusk's Food Boutique.
  4162 | D:5      | Entered Level 5 of the Dungeon
  4218 | D:5      | Reached skill level 1 in Invocations
  4630 | D:5      | Reached * piety under Okawaru
  4694 | D:5      | Reached XP level 8. HP: 48/50 MP: 9/9
  5225 | D:6      | Reached skill level 5 in Maces & Flails
  5526 | D:6      | Found Egainy's Food Shop.
  5526 | D:6      | Found an iron altar of Okawaru.
  5734 | D:6      | Found Zasym's Antique Weapon Shop.
  5742 | D:6      | Bought a slimy whip for 187 gold pieces
  5742 | D:6      | Identified the +10 whip of Qazlal's Esteem {freeze, rC+
                  | Dex+2} (You bought it in a shop on level 6 of the Dungeon)
  5768 | D:6      | Reached ** piety under Okawaru
  5806 | D:6      | Reached XP level 9. HP: 46/56 MP: 12/12
  5927 | D:6      | Found Waghuepn's Weapon Boutique.
  5952 | D:6      | Found Kemoam's Antique Weapon Emporium.
  5955 | D:6      | Noticed Menkaure
  5960 | D:6      | Killed Menkaure
  6212 | D:7      | Found a staircase to the Ecumenical Temple.
  6473 | D:7      | Identified the +5 short sword "Kasay" {elec, MR+ Int+3}
  6541 | Temple   | Entered the Ecumenical Temple
  6726 | D:7      | Reached skill level 5 in Invocations
  6971 | D:8      | Reached *** piety under Okawaru
  7005 | D:8      | Found Lacsar's Weapon Boutique.
  7095 | D:8      | Found Cois's Jewellery Shop.
  7246 | D:8      | Found a basalt altar of Yredelemnul.
  7561 | D:9      | Reached XP level 10. HP: 45/63 MP: 14/14
  7775 | D:9      | Found a glowing silver altar of Zin.
  7961 | D:9      | Reached **** piety under Okawaru
  8133 | D:10     | Entered Level 10 of the Dungeon
  8163 | D:10     | Noticed Fannar
  8192 | D:10     | Killed Fannar
  8257 | D:10     | Noticed a gargoyle
  8271 | D:10     | Killed a gargoyle
  8517 | D:10     | Killed an unseen horror
  8517 | D:10     | Reached ***** piety under Okawaru
  8852 | D:10     | Reached XP level 11. HP: 64/69 MP: 16/16
  9224 | D:11     | Found a staircase to the Lair.
  9618 | D:11     | Noticed a manticore
  9635 | D:11     | Killed a manticore
  9814 | D:11     | Received a gift from Okawaru
  9848 | D:11     | Noticed a brown ugly thing
  9857 | D:11     | Killed a brown ugly thing
 10025 | D:11     | Got a fine cloak
 10036 | D:11     | Identified the +2 cloak of the Guilds {*Drain Int+5} (You
                  | found it on level 11 of the Dungeon)
 10058 | D:11     | Found a stormy altar of Qazlal.
 10124 | Lair:1   | Entered Level 1 of the Lair of Beasts
 10251 | Lair:1   | Found the +3 salamander hide armour {+Rage rF++}
 10411 | Lair:1   | Received a gift from Okawaru
 11480 | Lair:2   | Reached skill level 10 in Armour
 11551 | Lair:2   | Reached skill level 10 in Fighting
 11551 | Lair:2   | Reached skill level 10 in Shields
 11674 | Lair:2   | Reached XP level 12. HP: 63/77 MP: 18/18
 11823 | Lair:2   | Found a staircase to the Snake Pit.
 12468 | Lair:3   | Noticed a death yak
 12485 | Lair:3   | Killed a death yak
 12594 | Lair:3   | Noticed Urug
 12614 | Lair:3   | Killed Urug
 12869 | Lair:3   | Received a gift from Okawaru
 13105 | Lair:3   | Noticed a five-headed hydra
 13111 | Lair:3   | Killed a five-headed hydra
 13486 | Lair:4   | Found a frozen archway.
 13519 | IceCv    | Entered an ice cave
 13637 | IceCv    | Reached skill level 10 in Maces & Flails
 13644 | IceCv    | Reached XP level 13. HP: 76/84 MP: 17/20
 13742 | IceCv    | Reached skill level 10 in Invocations
 14002 | IceCv    | Received a gift from Okawaru
 14070 | IceCv    | Found an ancient bone altar of Kikubaaqudgha.
 15080 | Lair:4   | Found a staircase to the Swamp.
 16006 | Lair:5   | You fall into a shaft and drop 1 floor!
 16006 | Lair:6   | Entered Level 6 of the Lair of Beasts
 16153 | Lair:5   | Received a gift from Okawaru
 17158 | Lair:6   | Found a staircase to the Slime Pits.
 17332 | Lair:6   | Reached ****** piety under Okawaru
 17332 | Lair:6   | Gained mutation: Your large and strong wings let you fly
                  | indefinitely. [Gargoyle growth]
 17332 | Lair:6   | Reached XP level 14. HP: 84/92 MP: 22/22
 17454 | Lair:6   | Received a gift from Okawaru
 17602 | Lair:6   | Found a large runed translucent door.
 17602 | Lair:6   | Found a large runed translucent door.
 19783 | D:12     | Found a staircase to the Orcish Mines.
 20172 | Orc:1    | Entered Level 1 of the Orcish Mines
 20243 | Orc:1    | Noticed Maurice
 20266 | Orc:1    | Killed Maurice
 20426 | Orc:1    | You are sucked into a shaft and drop 1 floor!
 20426 | Orc:2    | Entered Level 2 of the Orcish Mines
 20878 | Orc:2    | Noticed Donald
 20917 | Orc:2    | Killed Donald
 21281 | Orc:2    | Found a staircase to the Elven Halls.
 21776 | Orc:2    | Received a gift from Okawaru
 21776 | Orc:2    | Reached XP level 15. HP: 48/98 MP: 19/24
 22182 | Orc:2    | Found Heecio Obuub's Armour Shop.
 22182 | Orc:2    | Found Biogg's Book Shoppe.
 22184 | Orc:2    | Found Soseode's Assorted Antiques.
 22184 | Orc:2    | Found Lidaraf's Food Shoppe.
 22192 | Orc:2    | Bought a scroll of identify for 66 gold pieces
 22192 | Orc:2    | Bought a scroll of enchant armour for 247 gold pieces
 22651 | D:13     | Found a bloodstained altar of Trog.
 22941 | D:13     | You are sucked into a shaft and drop 2 floors!
 22941 | D:15     | Entered Level 15 of the Dungeon
 23629 | D:15     | Found a blossoming altar of Fedhas.
 23831 | D:15     | Found a runed translucent gate.
 23832 | D:15     | Found a runed translucent gate.
 23834 | D:15     | Found a runed translucent gate.
 23841 | D:15     | Noticed Kefanin's ghost (adept GrEE)
 24251 | D:15     | Found a staircase to the Depths.
 24558 | D:13     | Found a portal to a secret trove of treasure.
 24666 | D:13     | Received a gift from Okawaru
 25170 | D:13     | Noticed Snorg
 25189 | D:13     | Killed Snorg
 25627 | D:13     | Found a gate to the Vaults.
 25868 | D:14     | Found Rior's Armour Boutique.
 26000 | D:14     | Received a gift from Okawaru
 26302 | D:14     | Found a shimmering altar of Xom.
 26451 | D:14     | Reached XP level 16. HP: 85/105 MP: 18/25
 26858 | D:15     | Killed Kefanin's ghost
 27186 | D:15     | Got an encrusted cloak
 27197 | D:15     | Identified the +1 cloak "Reku" {rN+ Dex+7} (You found it on
                  | level 15 of the Dungeon)
 27403 | Elf:1    | Entered Level 1 of the Elven Halls
 27409 | Elf:1    | Received a gift from Okawaru
 27487 | Elf:1    | Found a ruined gateway.
 27515 | Desolati | Entered the Desolation of Salt
 28552 | Desolati | Received a gift from Okawaru
 28795 | Desolati | Got a flickering iron ring
 28796 | Desolati | Identified the ring of the Scarab {rF+ Stlth+} (You found
                  | it in the Desolation of Salt)
 28822 | Desolati | Got a bound golden ring
 28824 | Desolati | Identified the ring of Fun {MR- Dex+3 SInv Stlth+} (You
                  | found it in the Desolation of Salt)
 28829 | Desolati | Got a scorched brass ring
 28830 | Desolati | Identified the cursed ring "Waeseal" {rC- AC-5 Dex+9} (You
                  | found it in the Desolation of Salt)
 29078 | Desolati | Reached skill level 1 in Crossbows
 29176 | Desolati | Identified the Handbook of Attacks
 29211 | Desolati | Got a shimmering jade ring
 29217 | Desolati | Identified the ring "Xofil" {rC+ Int+3} (You found it in
                  | the Desolation of Salt)
 29224 | Desolati | Got a steaming glass ring
 29225 | Desolati | Identified the ring "Sionerad" {Fire rN++} (You found it in
                  | the Desolation of Salt)
 30176 | Desolati | Reached XP level 17. HP: 109/112 MP: 27/27
 30888 | Desolati | Reached skill level 15 in Armour
 30907 | Desolati | Received a gift from Okawaru
 31043 | Desolati | HP: 5/112 [crystal guardian/crystal bolt (76)]
 31327 | Desolati | Identified Sif Muna's Papyrus of Attacks
 31349 | Desolati | Got a warped tin ring
 31351 | Desolati | Identified the ring "Onimadet" {Ice Int+2 Dex+3} (You found
                  | it in the Desolation of Salt)
 31421 | Elf:1    | Reached skill level 15 in Shields
 31844 | Elf:1    | Reached skill level 15 in Fighting
 32109 | Elf:1    | Received a gift from Okawaru
 32630 | Elf:1    | Received a gift from Okawaru
 32637 | Elf:1    | Cast into level 3 of the Abyss (+0 battleaxe of distortion)
 32747 | Elf:1    | Escaped the Abyss
 33357 | Elf:1    | Identified the Guide on Supportive Confrontation
 33761 | Swamp:1  | Entered Level 1 of the Swamp
 34085 | Swamp:1  | Found a runed translucent door.
 34181 | Swamp:1  | Received a gift from Okawaru
 34181 | Swamp:1  | Reached skill level 5 in Crossbows
 34341 | Swamp:1  | Noticed Josephine
 34372 | Swamp:1  | Killed Josephine
 34726 | Swamp:1  | Slain by a swamp worm

Levels and vault maps discovered:
D:1:      roderic_crop_circles_arrival_small, layout_basic, st_stairs_10
D:2:      minmay_inner_zag, layout_basic, uniq_crazy_yiuf_cottage, uniq_natasha
D:3:      layout_basic, grunt_temple_overflow_open, first_ration,
          chequers_ecumenical_altar_simple_redux, uniq_ijyb, uniq_terence,
          uniq_sigmund
D:4:      layout_basic, serial_shops, nicolae_shop_behind_doors
D:5:      layout_basic
D:6:      layout_rooms, serial_shops, kennysheep_mini_moat, nicolae_shop_stone,
          shop_fountains, shop, okawaru_metal_pillars_3, uniq_menkaure
D:7:      layout_cave_pools, minmay_temple_entry_sparse_star
D:8:      layout_rooms, lemuel_coloured_pillars_altar, serial_shops,
          shop_statue, shop
D:9:      layout_small_grid, nicolae_overflow_crystal_walls
D:10:     layout_irregular_city, uniq_fannar
D:11:     layout_long_grid, david_lair_generic, nicolae_qazlal_eye_of_the_storm
D:12:     layout_long_grid, erik_orc_2
D:13:     layout_loops_corners, hangedman_vaults_entry_quadrant_bands,
          gauntlet_entry_generic, nicolae_trove_entry_crystal, basic_altar,
          uniq_snorg
D:14:     minmay_slanted_spiral_squares, layout_irregular_city, serial_shops,
          nicolae_shop_competitors_out_of_business, basic_altar,
          kennysheep_boxes, david_nohive_1, kennysheep_two_boxes
D:15:     grunt_enter_depths_magical_seal, layout_small_grid,
          gammafunk_ghost_tricky_traps, fedhas_altar_1, st_stairs_11
Temple:   bh_familiar_temple
Lair:1:   layout_small_grid, lemuel_fruit_tree
Lair:2:   layout_hall_layers, minmay_snake_entry_guardpost_large,
          lemuel_fruit_fields, minmay_lair_oklob_chamber
Lair:3:   layout_gridlike, uniq_urug
Lair:4:   layout_gridlike, swamp_mist_pool, portal_ice_cave_rime
Lair:5:   layout_roguey, chequers_serial_rivers_large_b, grunt_megastairs_3,
          lemuel_fruit_fields, serial_bayou_shore_b
Lair:6:   cheibrodos_lair_end_hotspot, layout_long_grid,
          nicolae_slime_entry_slimehenge
Swamp:1:  gammafunk_mikee_crab_dinner, layout_falls_marsh,
          evilmike_swamp_ruin_house_5, worms_lemuel, uniq_josephine
Orc:1:    layout_diamond_mine, uniq_maurice
Orc:2:    grunt_orc_tribal_feast, layout_diamond_mine, uniq_donald
Elf:1:    minmay_elf_arrival_circle, layout_onion_city,
          portal_desolation_entry_salt, minmay_elf_sorcery

Skill      XL: |  1  2  3  4  5  6  7  8  9 10 11 12 13 14 15 16 17 |
---------------+----------------------------------------------------+-----
Armour         | 4 5 6 7 8 10 11 12 13 14 15 | 15.4
Fighting       | 4 5 6 7 8 10 11 12 13 14 15 | 15.3
Shields        | 4 5 6 7 8 10 11 12 13 14 15 | 15.4
Maces & Flails | 3 4 5 6 7 9 10 11 12 13 14 | 14.0
Invocations    | 2 4 5 7 8 9 11 12 13 14 | 14.7
Crossbows      | 2 5 |  5.1

Action                   |  1- 3 |  4- 6 |  7- 9 | 10-12 | 13-15 | 16-18 || total
-------------------------+-------+-------+-------+-------+-------+-------++-------
Melee: Flail             |   176 |   154 |   213 |       |   103 |       ||   646
       Whip              |       |       |   187 |   631 |  1734 |  1351 ||  3903
 Fire: Hand crossbow     |       |       |       |       |       |   172 ||   172
Throw: Stone             |    79 |    74 |   150 |   117 |   197 |     4 ||   621
       Boomerang         |       |       |    39 |    96 |   104 |    64 ||   303
       Javelin           |       |       |       |    30 |   188 |       ||   218
Invok: Heroism           |       |       |     1 |     8 |    19 |    16 ||    44
       Finesse           |       |       |       |     3 |    15 |    12 ||    30
 Abil: Fly               |       |       |       |       |     1 |       ||     1
Evoke: Wand              |       |       |       |    18 |     5 |       ||    23
  Use: Potion            |       |     1 |       |       |     2 |     6 ||     9
       Scroll            |       |       |    12 |     6 |    12 |     9 ||    39
 Stab: Invisible         |       |     1 |       |       |       |       ||     1
       Distracted        |       |       |       |       |       |     1 ||     1
  Eat: Chunk             |     1 |     8 |    14 |    19 |    33 |    13 ||    88
       Ration            |       |       |       |       |     3 |     4 ||     7
Armor: Scale mail        |    58 |    29 |       |       |       |       ||    87
       Chain mail        |       |    52 |   238 |   210 |   146 |       ||   646
       Plate armour      |       |       |       |       |   407 |   396 ||   803
Dodge: Dodged            |    37 |    30 |    94 |    97 |   259 |   178 ||   695
Block: Shield            |    64 |    56 |   217 |   312 |   985 |   763 ||  2397
       Reflection        |       |       |       |     5 |    45 |    31 ||    81
